[Event "Early-Titled-Tuesday-Blitz-February-20-2024"]
[Site "Chess.com"]
[Date "2024.02.20"]
[Round "2"]
[White "lasRojas"]
[Black "DeArron_Fox"]
[Result "0-1"]
[WhiteElo "2244"]
[BlackElo "2511"]
[TimeControl "180+1"]
[EndTime "8:18:24 PST"]
[Termination "DeArron_Fox won by checkmate"]

1. e4 c5 2. Nf3 e6 3. d4 cxd4 4. Nxd4 a6 5. Bd3 Bc5 6. Nb3 Ba7 7. O-O Ne7 8. Qe2 O-O 9. Be3 Bxe3 10. Qxe3 Nbc6 11.
Nc3 b5 12. Ne2 d6 13. f4 Qc7 14. Nbd4 Qa7 15. Qf2 e5 16. Nxc6 Qxf2+ 17. Rxf2 Nxc6 18.
Nc3 Nd4 19. Nd5 Bb7 20. c3 Ne6 21. g3 exf4 22. gxf4 Nc5 23. Bc2 Rae8 24. Rg2 f5 25. Rd1 fxe4 26. b4 Ne6 27. Bxe4 Nxf4 28. Nxf4 Bxe4 29.
Rf2 d5 30. Nxd5 Rxf2 31. Kxf2 Rd8 32. Ne7+ Kf7 33. Rxd8 Kxe7 34. Rd1 Ke6 35. Ke3 Bd5 36. a3 Ke5 37. Rg1 g6 38. Rg5+ Kd6 39. Kd4 Be6 40.
h4 Bf5 41. h5 h6 42. Rg2 gxh5 43. Rf2 Ke6 44. Kc5 h4 45. Kb6 h3 46. Kxa6 Be4 47. Kxb5 Bg2 48. a4 h2 49. Re2+ Kf5 50. Re1 h1=Q 51.
Rxh1 Bxh1 52. a5 h5 53. c4 h4 54. c5 h3 55. c6 h2 56. c7 Bb7 57. a6 h1=Q 58. Kb6 Qc6+ 59. Ka7 Qxa6+ 60. Kb8 Qa8# 0-1

[Event "Early-Titled-Tuesday-Blitz-February-20-2024"]
[Site "Chess.com"]
[Date "2024.02.20"]
[Round "2"]
[White "kecalk"]
[Black "ZuraTqebuchava"]
[Result "1-0"]
[WhiteElo "2513"]
[BlackElo "2256"]
[TimeControl "180+1"]
[EndTime "8:18:25 PST"]
[Termination "kecalk won on time"]

1. e4 g6 2. d4 Bg7 3. Nf3 c6 4.
h3 d6 5. c4 d5 6. cxd5 cxd5 7. e5 e6 8. Bd3 Nc6 9. O-O Nge7 10.
Bg5 h6 11. Be3 Nf5 12. Bxf5 gxf5 13. Nc3 a6 14. Ne2 Bd7 15. Nf4 Qe7 16. Nh5 Rg8 17.
Nxg7+ Rxg7 18. Bxh6 Rg6 19. Qd2 O-O-O 20. Bg5 Rxg5 21. Qxg5 Qb4 22. Qe3 Rg8 23. Qc3 Qf8 24. Rab1 Qg7 25. Ne1 Kb8 26. b4 Na7 27. g3 Bb5 28. Nd3 f4 29. Nxf4 Bxf1 30. Kxf1 Qh7 31. Qd3 Qh6 32. a4 Rh8 33. b5 a5 34. Rc1 Qf8 35.
Qc3 Qe7 36. Qxa5 Rc8 37. Rxc8+ Nxc8 38. Qc3 Nb6 39. a5 Nc4 40. h4 Qd7 41. Qb4 Qd8 42.
b6 f6 43. exf6 Qxf6 44. Qc5 Qf7 45. Nxe6 Nd2+ 46. Kg1 Nf3+ 47. Kh1 Qxe6 48. Qc7+ Ka8 49. Qd8+ 1-0

[Event "Early-Titled-Tuesday-Blitz-February-20-2024"]
[Site "Chess.com"]
[Date "2024.02.20"]
[Round "2"]
[White "campochess"]
[Black "Jojo_898"]
[Result "1/2-1/2"]
[WhiteElo "2151"]
[BlackElo "2451"]
[TimeControl "180+1"]
[EndTime "8:18:26 PST"]
[Termination "Game drawn by repetition"]

1. d4 Nf6 2. Bg5 e6 3. e3 b6 4. Qf3 Nc6 5. c3 Bb7 6. Qh3 Be7 7.
Ne2 h6 8. Bxf6 Bxf6 9. Nd2 O-O 10. Rg1 e5 11. O-O-O exd4 12. exd4 Qe7 13. f4 a5 14. g4 Qe6 15. g5 hxg5 16. fxg5 Be7 17. Qxe6 dxe6 18. h4 g6 19. Nf4 e5 20. dxe5 Nxe5 21.
Bg2 Bxg2 22. Nxg2 Kg7 23. Rge1 Bd6 24. Ne3 Nd3+ 25. Kc2 Nxe1+ 26. Rxe1 Bg3 27. Rh1 Rh8 28. Nf3 Rae8 29. Ng4 Re2+ 30. Kb3 Re4 31. Nf6 Rf4 32. Nd4 Bxh4 33. Nd5 Rg4 34. Nxc7 Bxg5 35. Rxh8 Kxh8 36. Nd5 Bd8 37. Nc6 Bg5 38. Nxb6 f5 39. Nc4 f4 40. N6e5 Rg3 41. Nxg6+ Kg7 42. Nxf4 Bxf4 43. Nxa5 Kf6 44. a4 Ke6 45. Kc4 Kd6 46. b4 Bd2 47. Kb5 Rxc3 48. Nc4+ Kc7 49. Nxd2 Rd3 50. Nc4 Rd5+ 51. Ka6 Rd4 52.
Kb5 Kb7 53. Na5+ Ka7 54. Kc5 Rh4 55. Nc6+ Kb7 56. Na5+ Kc7 57. Kb5 Rh6 58. Nb3 Kb7 59.
Nc5+ Ka7 60. a5 Rh4 61. Na4 Rh5+ 62. Nc5 Rh4 63. Na4 Rg4 64. Nc5 Rg8 65. Ka4 Rg4 66. Kb5 Rh4 1/2-1/2

[Event "Early-Titled-Tuesday-Blitz-February-20-2024"]
[Site "Chess.com"]
[Date "2024.02.20"]
[Round "2"]
[White "Lucky_Puncher"]
[Black "TemploVillamarin"]
[Result "1-0"]
[WhiteElo "2446"]
[BlackElo "2034"]
[TimeControl "180+1"]
[EndTime "8:18:30 PST"]
[Termination "Lucky_Puncher won by checkmate"]

1. d4 f5 2. Nd2 Nf6 3. g3 e6 4. Bg2 Be7 5. e4 fxe4 6. Nxe4 O-O 7. Ne2 Nc6 8. O-O b6 9. c4 Bb7 10. d5 exd5 11. cxd5 Ne5 12. N2c3 Ng6 13. d6 Nxe4 14. dxe7 Qxe7 15. Nd5 Qe5 16. Nf4 d5 17. Nxg6 hxg6 18.
Bf4 Qe7 19. Qb3 Kh7 20. Rfe1 Qf6 21. Re2 c5 22. h4 Rae8 23. Rae1 Ba6 24. Rc2 Bc4 25.
Qa4 a6 26. Rxc4 b5 27. Qd1 bxc4 28. Qxd5 Qf5 29. Qxc4 Nd6 30. Qc1 Rxe1+ 31. Qxe1 Re8 32. Qc1 Ne4 33. Qc2 Nf6 34. Qc3 Qb1+ 35. Kh2 Qxa2 36. Bf3 Qe6 37. h5 gxh5 38. Qc2+ g6 39. Kg2 Ng4 40.
Qxc5 Nxf2 41. Qxf2 Qe1 42. Qxe1 Rxe1 43. Bb7 Rb1 44. Be5 Rxb2+ 45. Bxb2 Kh6 46. Bxa6 Kg5 47. Bd3 h4 48. Bc1+ Kh5 49. Be2# 1-0

[Event "Early-Titled-Tuesday-Blitz-February-20-2024"]
[Site "Chess.com"]
[Date "2024.02.20"]
[Round "2"]
[White "ikhasu"]
[Black "angelgab3"]
[Result "0-1"]
[WhiteElo "2433"]
[BlackElo "2758"]
[TimeControl "180+1"]
[EndTime "8:18:31 PST"]
[Termination "angelgab3 won on time"]

1. d4 Nf6 2. Bf4 e6 3. e3 d5 4. Nf3 Bd6 5. Bg3 O-O 6. Bd3 c5 7. c3 b6 8. Nbd2 Ba6 9. Bxa6 Nxa6 10. Qe2 Nb8 11. e4 dxe4 12. Nxe4 Be7 13. O-O-O Qc8 14. dxc5 bxc5 15. Nd6 Qa6 16. Qxa6 Nxa6 17. Rhe1 Rfd8 18. Nc4 Nh5 19. Be5 f6 20. Bd6 Bxd6 21. Nxd6 Nf4 22. Kc2 Rd7 23. g3 Nd5 24. Nc4 Rad8 25. Kc1 e5 26.
Nh4 Nb6 27. Nxb6 axb6 28. Nf5 g6 29. Ne7+ Kf7 30. Nc6 Rxd1+ 31. Rxd1 Rxd1+ 32. Kxd1 Ke8 33. b4 cxb4 34. cxb4 Kd7 35. b5 Nc5 36. Ke2 Ne4 37. Ke3 Nc3 38. a4 Nxa4 39. Ke4 Nc3+ 40. Kd3 Nxb5 41.
Nb4 Nc7 42. Kc4 Kd6 43. Nd3 Nd5 44. Nc1 Kc6 45. Nb3 b5+ 46. Kd3 Nb6 47. Nd2 Kd5 48. Nb1 Na4 49. Na3 b4 50. Nb5 b3 51.
Nc7+ Kc5 52. Ne8 Kb4 53. Nxf6 Ka3 54. Nd5 b2 0-1

[Event "Early-Titled-Tuesday-Blitz-February-20-2024"]
[Site "Chess.com"]
[Date "2024.02.20"]
[Round "2"]
[White "KChor05"]
[Black "Kapitan_Bayan"]
[Result "1-0"]
[WhiteElo "2623"]
[BlackElo "2364"]
[TimeControl "180+1"]
[EndTime "8:18:31 PST"]
[Termination "KChor05 won by resignation"]

1. e4 c5 2. Nf3 d6 3. d4 cxd4 4. Nxd4 Nf6 5. Nc3 a6 6. Be2 e5 7. Nb3 Be6 8. Be3 Be7 9. Nd5 Nxd5 10. exd5 Bf5 11. Qd2 O-O 12. Na5 Qc7 13. c4 b6 14.
Nb3 Nd7 15. O-O Nc5 16. Nc1 Bf6 17. b4 Ne4 18. Qe1 Ng5 19. Nb3 h6 20. Rc1 Qb7 21. a4 Rac8 22. a5 b5 23. Qd2 Ne4 24. Qe1 Bg5 25.
cxb5 axb5 26. Bxg5 hxg5 27. f3 Nf6 28. Qd2 Bg6 29.
Rfd1 Rxc1 30. Nxc1 Rc8 31. Bd3 Qxd5 32. Ne2 Bxd3 33. Qxd3 Qxd3 34. Rxd3 d5 35. Nc3 d4 36. Nxb5 Rc1+ 37. Kf2 g4 38. a6 Ra1 39. Ra3 Rb1 40. a7 Rb2+ 41. Kg3 Nh5+ 42. Kxg4 Rxg2+ 43. Kf5 g6+ 44. Kxe5 Rg5+ 45. Kxd4 Rxb5 46. a8=Q+ Kg7 47. Qc6 Rf5 48. b5 Nf4 49. b6 Ne6+ 50. Ke3 Re5+ 51. Kf2 Rf5 52. b7 Nd8 53. Qc3+ Kg8 54. b8=Q 1-0

[Event "Early-Titled-Tuesday-Blitz-February-20-2024"]
[Site "Chess.com"]
[Date "2024.02.20"]
[Round "2"]
[White "Mikasinski"]
[Black "tptagain"]
[Result "0-1"]
[WhiteElo "2631"]
[BlackElo "2970"]
[TimeControl "180+1"]
[EndTime "8:18:32 PST"]
[Termination "tptagain won on time"]

1. e4 c5 2. Nf3 Nc6 3. d4 cxd4 4. Nxd4 e5 5. Nb5 d6 6. a4 Be6 7.
N1c3 a6 8. Na3 Nb4 9. Bc4 Rc8 10. Bxe6 fxe6 11. O-O Nf6 12. Be3 Be7 13. Qe2 O-O 14.
Rfd1 Qc7 15. Rd2 Qc6 16. f3 d5 17. exd5 exd5 18. Bg5 Bc5+ 19. Kh1 Bd4 20. Nd1 Nh5 21.
c3 Qg6 22. Bh4 Nf4 23. Qf1 Qh6 24. cxd4 Qxh4 25. g3 Qh6 26. gxf4 Qxf4 27. Qf2 Nc6 28. Nc2 exd4 29. Nxd4 Nxd4 30. Rxd4 Qxf3+ 31. Qxf3 Rxf3 32. Nc3 Rf2 33. Rb1 Rc6 34. Kg1 Rc2 35. Rg4 d4 36. Nd5 Rc1+ 37. Rxc1 Rxc1+ 38. Kg2 d3 39. Rd4 Rc2+ 40.
Kg3 Rxb2 41. Rxd3 b5 42. a5 Ra2 43. Ne7+ Kf7 44. Nc6 Ke6 45. Nd4+ Kd5 46. Nf5+ Kc4 47.
Rd4+ Kc5 48. Rd7 Rxa5 49. Rxg7 b4 50. Rxh7 b3 51. Rc7+ Kb4 52. Ne3 b2 53. Rc4+ Kb3 54. Rd4 b1=Q 55. Rd1 Qb2 56. h4 Qc3 0-1

[Event "Early-Titled-Tuesday-Blitz-February-20-2024"]
[Site "Chess.com"]
[Date "2024.02.20"]
[Round "2"]
[White "JSPrepz"]
[Black "Lady_Nika"]
[Result "1-0"]
[WhiteElo "2862"]
[BlackElo "2575"]
[TimeControl "180+1"]
[EndTime "8:18:32 PST"]
[Termination "JSPrepz won by resignation"]

1. e4 e6 2. d4 d5 3. Nc3 Nf6 4. Bg5 Be7 5. e5 Nfd7 6. h4 h6 7. Bxe7 Qxe7 8. f4 a6 9. Nf3 c5 10. Qd2 Nc6 11. a3 b5 12. dxc5 Nxc5 13. Bd3 Bb7 14. b4 Nd7 15. Ne2 Nb6 16. Ned4 Nc4 17. Qf2 O-O-O 18. O-O Nxd4 19. Nxd4 f6 20. exf6 gxf6 21.
a4 e5 22. Nf5 Qc7 23. axb5 axb5 24. Ra7 e4 25. Bxc4 dxc4 26. Rfa1 Kb8 27. R7a5 e3 28. Qxe3 Qc6 29. Qa7+ Kc7 30. Qc5 Qxc5+ 31. bxc5 Rd2 32. Rxb5 Rxg2+ 33. Kf1 Rg4 34. Ra7 Rxf4+ 35. Ke2 Rxf5 36. Raxb7+ Kc6 37. R7b6+ Kd5 38. c6+ Ke4 39. Rxf5 Kxf5 40. c7 Rc8 41. Rc6 Ke5 42. Rxc4 Kd5 43. Kd3 f5 44. h5 Kd6 45. Kd4 f4 46. Ke4 f3 47.
Kxf3 Kd5 48. Rc3 Kd4 49. Rd3+ Ke5 50. Rd7 Kf5 51. Rg7 Ke5 52. Kg4 Ke4 53. Re7+ Kd4 54. Kf5 Kc3 55. Kg6 Kxc2 56. Kxh6 Kd3 57. Kg7 Kd4 58.
h6 Kd5 59. h7 Kd6 60. Rf7 1-0

[Event "Early-Titled-Tuesday-Blitz-February-20-2024"]
[Site "Chess.com"]
[Date "2024.02.20"]
[Round "2"]
[White "IndianSchoolOfSuffering"]
[Black "tsaruk_maks"]
[Result "1-0"]
[WhiteElo "2415"]
[BlackElo "2734"]
[TimeControl "180+1"]
[EndTime "8:18:32 PST"]
[Termination "IndianSchoolOfSuffering won on time"]

1. e4 e6 2. d4 d5 3. Nc3 dxe4 4. Nxe4 Nd7 5. Nf3 Ngf6 6. Bd3 Be7 7. O-O Nxe4 8. Bxe4 Nf6 9. Bd3 b6 10. Qe2 Bb7 11.
Bb5+ c6 12. Bd3 O-O 13. c3 c5 14. Bg5 cxd4 15. Nxd4 Qd5 16. Nf3 Rfd8 17. Rfd1 Qc5 18. Be3 Qc7 19. Ba6 Bc6 20. h3 Nd5 21. Bd4 Bd6 22.
Be5 Nf4 23. Bxf4 Bxf4 24. Rxd8+ Rxd8 25. Rd1 Rxd1+ 26. Qxd1 Qd7 27. Qxd7 Bxd7 28. g3 Bb8 29. Bf1 e5 30. Nd2 f5 31. Bc4+ Kf8 32. Bd5 Ke7 33. Kg2 Kd6 34. Bg8 h6 35. h4 b5 36.
f3 a5 37. Kf2 Ba7+ 38. Ke2 Bg1 39. b3 a4 40. bxa4 bxa4 41. Nc4+ Kc5 42. Nxe5 Bb5+ 43.
Nd3+ Kd6 44. c4 Ba6 45. Bd5 g5 46. hxg5 hxg5 47. g4 f4 48. Bf7 Bd4 49. Bd5 Be3 50. Kd1 Bc8 51. Kc2 Bd4 52. Nc1 Bd7 53. Kd3 Bb2 54.
Ne2 Kc5 55. Nc3 Kb4 56. Ne4 Ka3 57. c5 Bb5+ 58. Kd2 Bd4 59. c6 1-0

[Event "Early-Titled-Tuesday-Blitz-February-20-2024"]
[Site "Chess.com"]
[Date "2024.02.20"]
[Round "2"]
[White "noblerone"]
[Black "treadstone_71"]
[Result "1/2-1/2"]
[WhiteElo "2541"]
[BlackElo "2334"]
[TimeControl "180+1"]
[EndTime "8:18:32 PST"]
[Termination "Game drawn by stalemate"]

1. d4 Nf6 2. c4 g6 3. Nc3 Bg7 4.
Nf3 O-O 5. Bg5 d6 6. e3 c5 7. d5 Qa5 8. Nd2 h6 9. Bh4 a6 10. Be2 b5 11. cxb5 axb5 12. Bxb5 g5 13. Bg3 Nxd5 14. Nxd5 Qxb5 15. Nc7 Qxb2 16. Rb1 Qxa2 17.
Nxa8 Qxa8 18. O-O Bf5 19. e4 Be6 20. Qc2 Nc6 21. Nf3 Nb4 22. Qe2 Bg4 23. h3 Bxf3 24.
Qxf3 f5 25. Qb3+ Kh8 26. exf5 Rxf5 27. Qe6 Qf8 28. Rfe1 Rf7 29. Rb3 Kh7 30. Ra3 Nc6 31. Qe4+ Rf5 32. Qxc6 Bd4 33. Rf3 e5 34. Qd7+ Kg6 35.
Rxf5 Qxf5 36. Qxf5+ Kxf5 37. Kf1 d5 38. Ke2 e4 39. f3 h5 40. fxe4+ dxe4 41. Bf2 Ke5 42. Be3 g4 43. hxg4 hxg4 44. Rc1 Kd5 45. Kd2 Ke5 46. Rxc5+ Bxc5 47. Bxc5 Kf4 48. Ke2 Kg3 49.
Kf1 Kh2 50. Bd6+ g3 51. Bf4 e3 52. Bxe3 Kh1 53. Bf4 Kh2 54. Be5 Kh1 55. Bf4 Kh2 56. Bg5 Kh1 57. Bf6 Kh2 58. Bd4 Kh1 59. Be3 Kh2 60.
Bf2 Kh1 61. Be1 Kh2 62. Bf2 Kh1 63. Bxg3 1/2-1/2

[Event "Early-Titled-Tuesday-Blitz-February-20-2024"]
[Site "Chess.com"]
[Date "2024.02.20"]
[Round "2"]
[White "esrosenberg"]
[Black "UnTucopalaTimba"]
[Result "1-0"]
[WhiteElo "2425"]
[BlackElo "1993"]
[TimeControl "180+1"]
[EndTime "8:18:32 PST"]
[Termination "esrosenberg won by resignation"]

1. c4 c6 2. Nf3 d5 3. g3 Nf6 4. Bg2 e6 5. O-O Be7 6. d4 O-O 7. Qc2 Nbd7 8. Nbd2 dxc4 9. Nxc4 Nb6 10. Nce5 Bd6 11. Rd1 Re8 12. Ng5 Rf8 13. b3 h6 14.
Ngxf7 Rxf7 15. Nxf7 Kxf7 16. e4 Bb4 17. a3 Bf8 18.
Bb2 Qc7 19. f4 Bd7 20. Bf3 Kg8 21. Rac1 Qd8 22. Kg2 Qe8 23. Rd2 Qf7 24. Rcd1 Re8 25. Re1 Kh8 26. Qd1 Qe7 27. Qe2 c5 28. dxc5 Qxc5 29.
b4 Qc4 30. Bxf6 Qxe2+ 31. Rexe2 gxf6 32. e5 Bb5 33. Re1 fxe5 34. Rxe5 Nc4 35. Rxb5 Nxd2 36. Rxb7 Nxf3 37. Kxf3 Bg7 38. Rxa7 Rc8 39. b5 Bd4 40. Ra6 Bc5 41. a4 Rd8 42. Rxe6 Rd4 43.
Rxh6+ Kg7 44. Ra6 Rb4 45. f5 Rb2 46. h4 Rf2+ 47. Kg4 Rb2 48. h5 Rb4+ 49. Kf3 Rb3+ 50. Kf4 Rb4+ 51. Ke5 Bf2 52. h6+ Kh7 53. Rg6 Bd4+ 54.
Kd5 Bf2 55. g4 Rd4+ 56. Ke5 Rxa4 57. g5 Bg3+ 58. Kd5 Rb4 59. b6 Rd4+ 60. Kxd4 Bf2+ 61. Ke5 1-0

[Event "Early-Titled-Tuesday-Blitz-February-20-2024"]
[Site "Chess.com"]
[Date "2024.02.20"]
[Round "2"]
[White "LuisFSiles"]
[Black "colegiodemadrid"]
[Result "1-0"]
[WhiteElo "2291"]
[BlackElo "2508"]
[TimeControl "180+1"]
[EndTime "8:18:33 PST"]
[Termination "LuisFSiles won on time"]

1. e4 c6 2. d4 d5 3. exd5 cxd5 4. c4 Nf6 5. Nc3 g6 6. cxd5 Nxd5 7. Qb3 Nxc3 8. Bc4 e6 9. bxc3 Be7 10. Bh6 Bf8 11. Bxf8 Kxf8 12. h4 h5 13. Nf3 Nc6 14. O-O Kg7 15. Bd3 Na5 16. Qb2 b6 17. c4 Qf6 18.
Be4 Rb8 19. Qb5 Rd8 20. Rad1 Bd7 21. Qb4 Rdc8 22. Ne5 Be8 23. g3 Rd8 24. Rd3 Rxd4 25.
Rxd4 Qxe5 26. Rfd1 Rc8 27. Bg2 Bc6 28. Qa3 Bxg2 29.
Kxg2 Nc6 30. Rd7 Qe4+ 31. Kg1 Ne5 32. Rxa7 Nf3+ 33. Kf1 Qxc4+ 34. Qd3 Qc6 35. Qd7 Qxd7 36. Rdxd7 Ne5 37. Rdb7 Rc1+ 38. Kg2 Rc2 39. Rxb6 Ng4 40.
Rxe6 Rxf2+ 41. Kg1 Rf3 42. Kg2 Rf2+ 43. Kg1 Rf3 44. a4 Rxg3+ 45. Kf1 Rf3+ 46. Ke1 Ra3 47. a5 Rxa5 48. Rxg6+ Kxg6 49. Rxa5 Nh6 50. Rg5+ Kf6 51. Rxh5 Nf5 52. Kf2 Ke6 53. Kf3 f6 54. Rh8 Kf7 55.
Kf4 Ne7 56. Ra8 Kg6 57. Ra5 Ng8 58. h5+ Kh6 59. Rf5 1-0

[Event "Early-Titled-Tuesday-Blitz-February-20-2024"]
[Site "Chess.com"]
[Date "2024.02.20"]
[Round "2"]
[White "Byniolus"]
[Black "Muracle"]
[Result "1-0"]
[WhiteElo "2829"]
[BlackElo "2477"]
[TimeControl "180+1"]
[EndTime "8:18:34 PST"]
[Termination "Byniolus won on time"]

1. d4 Nf6 2. Nf3 e6 3. Bf4 b6 4. e3 Bb7 5. Nbd2 Be7 6. h3 O-O 7. Bd3 c5 8. c3 d5 9. O-O Nc6 10.
Qe2 Bd6 11. Ne5 Qc7 12. Ndf3 h6 13. Rac1 Nd7 14. Nxd7 Qxd7 15. dxc5 bxc5 16. Bxd6 Qxd6 17. e4 Ne5 18. Nxe5 Qxe5 19. exd5 Qxe2 20. Bxe2 Bxd5 21. c4 Be4 22. Rfd1 Rfb8 23. Rd2 a5 24. f3 Bg6 25. Kf2 a4 26. Rc3 Rb4 27. a3 Rb7 28. Bd1 Bb1 29.
Ke3 Ba2 30. f4 f6 31. Bf3 Rab8 32. Bxb7 Rxb7 33. g4 Kf7 34. Kf3 Bb3 35. h4 Ke7 36.
Kg3 Rb6 37. Re3 Bxc4 38. Rc3 Rb3 39. Rxb3 Bxb3 40. Kf3 Bd5+ 41. Ke3 Kd6 42. g5 hxg5 43. fxg5 fxg5 44. hxg5 Ke5 45. Rc2 c4 46. Rf2 Be4 47. Rf7 g6 48. Rc7 Bd3 49. Rc5+ Kd6 50. Ra5 Bc2 51. Kd4 Bb3 52. Ra6+ Ke7 53. Ke5 Kf7 54.
Ra7+ Ke8 55. Kf6 Kd8 56. Kxg6 e5 57. Kf5 e4 58. Kxe4 c3 59. bxc3 1-0

[Event "Early-Titled-Tuesday-Blitz-February-20-2024"]
[Site "Chess.com"]
[Date "2024.02.20"]
[Round "2"]
[White "Dubs123"]
[Black "only_strong_moves"]
[Result "1-0"]
[WhiteElo "2370"]
[BlackElo "2652"]
[TimeControl "180+1"]
[EndTime "8:18:34 PST"]
[Termination "Dubs123 won by checkmate"]

1. d4 Nf6 2. c4 e6 3. Nc3 d5 4.
Nf3 c5 5. dxc5 Bxc5 6. cxd5 exd5 7. e3 O-O 8. Be2 Nc6 9. O-O Bf5 10. a3 Rc8 11. b4 Be7 12. Bb2 a6 13. Qb3 Be6 14.
Rfd1 Qc7 15. Nd4 Nxd4 16. Rxd4 Bd6 17. f4 Qe7 18. Bf3 Bb8 19. Nxd5 Nxd5 20. Bxd5 Ba7 21.
Re4 Bxd5 22. Qxd5 Qc7 23. Bxg7 Qd8 24. Qxd8 Rfxd8 25. Bd4 Bxd4 26. Rxd4 Rxd4 27. exd4 Rc3 28. Kf2 Rd3 29. g3 Rxd4 30. Ke3 Rd6 31. Rc1 Rd7 32. Rc5 Kg7 33. a4 Kf6 34. a5 Ke6 35. Ke4 Kf6 36.
Rf5+ Ke6 37. Rh5 f6 38. Rc5 Re7 39. Kf3 Rd7 40. Rc4 f5 41. Kg2 Rd2+ 42. Kh3 Rd7 43. Kh4 Rg7 44. Rc5 Rd7 45. Kg5 Rd2 46. Rxf5 Kd6 47.
Rf7 Kc6 48. Rxh7 Rd5+ 49. Kg4 Rd4 50. Rh6+ Kd5 51. Rb6 Ke4 52. h4 Rd7 53. Re6+ Kd5 54. Re5+ Kd4 55. h5 Rg7+ 56. Kh4 Rc7 57. h6 Kc4 58. g4 Kxb4 59. g5 b5 60. axb6 Rb7 61. g6 a5 62. h7 a4 63. h8=Q a3 64. Qf8+ Kb3 65. Qc5 a2 66. Re3+ Kb2 67. Qc3+ Kb1 68.
Re1# 1-0

[Event "Early-Titled-Tuesday-Blitz-February-20-2024"]
[Site "Chess.com"]
[Date "2024.02.20"]
[Round "2"]
[White "RedFirePanda"]
[Black "cristianserban1"]
[Result "1-0"]
[WhiteElo "2583"]
[BlackElo "2477"]
[TimeControl "180+1"]
[EndTime "8:18:35 PST"]
[Termination "RedFirePanda won on time"]

1. d4 g6 2. Bf4 Bg7 3. c3 d6 4.
e3 e5 5. dxe5 dxe5 6. Qxd8+ Kxd8 7. Bg3 Be6 8. Nd2 Nd7 9. Bc4 Ke7 10. Bxe6 Kxe6 11. Ngf3 h6 12. O-O-O Ne7 13. Nc4 Nc6 14. Rd2 Rad8 15. Rhd1 Nb6 16. Rxd8 Rxd8 17. Rxd8 Nxd8 18. Ncxe5 c6 19. Nd4+ Ke7 20. Nd3 Nd7 21.
Kc2 a6 22. Nb3 Ne6 23. Nd4 Nd8 24. h3 c5 25. Ne2 g5 26. c4 Ne6 27. Nc3 Bxc3 28.
Kxc3 f5 29. a3 Nf6 30. f3 Nh5 31. Be5 b6 32. b4 f4 33. exf4 gxf4 34. bxc5 bxc5 35.
Kb3 Kd7 36. Ka4 Kc6 37. Ka5 Kb7 38. Ka4 Kc6 39. Kb3 Kb6 40. Kc3 Ka5 41. Bd6 Kb6 42. Ne5 Ng3 43. Ng6 Kc6 44. Bb8 Nh5 45. Kd3 Kb7 46. Be5 Kc6 47. a4 Kb6 48. Ke4 Ka5 49. Kd5 Nd8 50. Bc7+ Kxa4 51. Bxd8 Kb3 52. Kxc5 a5 53.
Ne5 1-0

[Event "Early-Titled-Tuesday-Blitz-February-20-2024"]
[Site "Chess.com"]
[Date "2024.02.20"]
[Round "2"]
[White "ValentunHulka"]
[Black "guillembaches"]
[Result "1-0"]
[WhiteElo "2775"]
[BlackElo "2541"]
[TimeControl "180+1"]
[EndTime "8:18:36 PST"]
[Termination "ValentunHulka won on time"]

1. Nc3 d5 2. e4 dxe4 3. Nxe4 Qd5 4. Qe2 Nc6 5. Nf3 Bg4 6. c3 O-O-O 7. Neg5 h6 8. Nh3 e5 9. d3 f5 10. c4 Bb4+ 11.
Bd2 Qa5 12. a3 Bxf3 13. gxf3 Bxd2+ 14. Qxd2 Qxd2+ 15. Kxd2 Nd4 16. Kc3 Nxf3 17. Bg2 Nh4 18. Rhg1 Nxg2 19. Rxg2 g5 20. Re1 Re8 21. f4 e4 22.
fxg5 hxg5 23. Nxg5 Nf6 24. dxe4 Nxe4+ 25. Nxe4 fxe4 26. Re3 Rh4 27. h3 a5 28. Rg4 Rh5 29. h4 Rhe5 30. Kd4 c5+ 31. Kc3 b6 32. b3 R8e7 33. Rf4 Kc7 34. Rg4 Kb7 35. a4 Kc7 36.
Kc2 Kb7 37. Kd2 Kc7 38. Ke2 Kb7 39. Kf2 Kc7 40. Kg3 Kd6 41. Rg6+ Kc7 42. Kg4 Rd7 43. Kf4 Rh5 44. Kg4 Re5 45. Kf4 Rh5 46. Rg4 Rd4 47.
Rxe4 Rd3 48. Re3 Rd4+ 49. Kg3 Rd1 50. Re7+ Kd6 51. Ree4 Rd2 52. Ref4 Rd3+ 53. Rf3 Rxf3+ 54. Kxf3 Ke5 55. Rg5+ Rxg5 56. hxg5 Kf5 57. g6 Kxg6 58. Ke4 Kf6 59. Kd5 Ke7 60. Kc6 1-0

[Event "Early-Titled-Tuesday-Blitz-February-20-2024"]
[Site "Chess.com"]
[Date "2024.02.20"]
[Round "2"]
[White "GeorgiosSouleidis"]
[Black "Happy1712Drummer"]
[Result "1-0"]
[WhiteElo "2688"]
[BlackElo "2382"]
[TimeControl "180+1"]
[EndTime "8:18:36 PST"]
[Termination "GeorgiosSouleidis won on time"]

1. e4 c5 2. Be2 g6 3. d3 Bg7 4.
f4 d6 5. Nf3 Nc6 6. O-O Nf6 7. c3 O-O 8. Kh1 b5 9. a3 Bb7 10. Be3 Rc8 11. Nbd2 Qc7 12. Rc1 Rfd8 13. d4 cxd4 14. cxd4 Qa5 15. d5 Nb8 16. Bd4 Nbd7 17. Rxc8 Rxc8 18. Qa1 Qd8 19. Bxb5 Nc5 20. Re1 a5 21. b4 axb4 22. axb4 Ra8 23. Qb2 Na4 24. Qb3 Nb6 25. Qe3 Nbd7 26. Bc6 Ng4 27. Qg1 Bxd4 28.
Qxd4 Rb8 29. b5 Nc5 30. e5 Nh6 31. exd6 exd6 32. Ne4 Nf5 33. Qc3 Nxe4 34. Rxe4 Bxc6 35. bxc6 Qc7 36. g4 Ne7 37. Qc4 Rb1+ 38. Kg2 Rb2+ 39.
Kg3 Qa7 40. Qd4 Qa2 41. Rxe7 Rg2+ 42. Kh3 Re2 43. Rxe2 Qxe2 44. Kg3 Qe7 45. Qc4 Qc7 46. h3 h6 47. Qb5 Qa7 48. Qb7 Qa5 49. Qb8+ Kh7 50.
Qxd6 Qa1 51. Qe5 Qd1 52. c7 Qc2 53. d6 g5 54. fxg5 hxg5 55. Qf5+ 1-0

[Event "Early-Titled-Tuesday-Blitz-February-20-2024"]
[Site "Chess.com"]
[Date "2024.02.20"]
[Round "2"]
[White "zverr1"]
[Black "pauliukevicius"]
[Result "1/2-1/2"]
[WhiteElo "2529"]
[BlackElo "2323"]
[TimeControl "180+1"]
[EndTime "8:18:36 PST"]
[Termination "Game drawn by repetition"]

1. e4 e5 2. Nf3 Nc6 3. Bc4 a6 4. d4 exd4 5. Nxd4 Nxd4 6. Qxd4 d6 7. Nc3 Nf6 8. Bf4 b5 9. Be2 c5 10. Qd3 Bb7 11. Nd5 Nxd5 12. exd5 Be7 13. O-O O-O 14. b3 Bf6 15. Rad1 Qa5 16. Bxd6 Rfd8 17. Qg3 Qxa2 18.
Be5 Bxe5 19. Qxe5 Re8 20. Qc7 Bxd5 21. Rxd5 Rxe2 22. Qxc5 Ree8 23. Rd7 Qa5 24. Qd5 Rf8 25. Rxf7 Rxf7 26. Qxa8+ Rf8 27. Qd5+ Kh8 28. h3 Qc3 29. Qd6 Rg8 30. Qxa6 b4 31. Qc4 Qxc4 32. bxc4 Rc8 33.
Rb1 Rxc4 34. c3 Rxc3 35. Rxb4 h6 36. h4 Rc2 37. Rf4 g5 38. hxg5 hxg5 39. Rf7 Kg8 40. Ra7 Rb2 41. f3 g4 42. fxg4 Rb4 43. g5 Rb5 44. g6 Rb6 45. g7 Rg6 46. Kh2 Rb6 47.
Kh3 Rb5 48. Kh4 Rb4+ 49. g4 Rb1 50. Kh5 Rb5+ 51. Kh4 Rc5 52. Rb7 Rc6 53. Kh5 Rc5+ 54. g5 Rc6 55. Kg4 Ra6 56. Re7 Rb6 57. Kf5 Ra6 58.
Rc7 Rb6 59. Kg4 Ra6 60. Rb7 Rc6 61. Kh5 Rd6 62. g6 Rd1 63. Rb8+ Kxg7 64. Rb7+ Kg8 65. Rb8+ Kg7 66. Kg5 Rd5+ 67. Kf4 Ra5 68. Ke4 Kxg6 69. Rb6+ Kf7 70. Kd4 Ke7 71. Kc4 Rf5 72. Kd4 Kd7 73. Ke4 Rh5 74. Kf4 Rh4+ 75. Kg5 Rc4 76. Rg6 Rc5+ 77.
Kh6 Ke7 78. Rg7+ Kf6 79. Rg6+ Kf7 80. Rg7+ Kf8 81. Ra7 Ke8 82. Kg6 Rc1 83. Kf6 Re1 84. Rb7 Kd8 85. Rf7 Ke8 86. Rh7 Kd8 87. Kf5 Ke8 88. Kf4 Kd8 89. Kf3 Re6 90. Kf4 Ke8 91. Kf5 Re1 92. Kf6 Kd8 93. Ra7 Kc8 94. Re7 Rf1+ 95. Ke6 Kd8 96. Rd7+ Ke8 97. Ra7 Re1+ 98. Kd6 Kf8 99. Kd5 Rd1+ 100. Ke6 Re1+ 101. Kf6 Rf1+ 102. Ke6 Re1+ 103. Kf6 Rf1+ 104. Ke6 Re1+ 1/2-1/2

[Event "Early-Titled-Tuesday-Blitz-February-20-2024"]
[Site "Chess.com"]
[Date "2024.02.20"]
[Round "2"]
[White "LionTheLeon_06"]
[Black "ukchessbomber"]
[Result "0-1"]
[WhiteElo "2877"]
[BlackElo "2608"]
[TimeControl "180+1"]
[EndTime "8:18:37 PST"]
[Termination "ukchessbomber won by resignation"]

1. e4 b6 2. d4 Bb7 3. Bd3 e6 4. Nf3 d6 5. O-O Nd7 6. Re1 g6 7. Bg5 Ne7 8. Qd2 h6 9. Bf4 Bg7 10. Nc3 e5 11. dxe5 Nxe5 12. Be2 Nxf3+ 13. Bxf3 g5 14.
Bg3 Ng6 15. Rad1 Be5 16. Nd5 O-O 17. Bh5 Bxd5 18. exd5 Nf4 19. Bg4 h5 20. Bf5 Qf6 21.
Bd7 Bxb2 22. Bxf4 Qxf4 23. Qd3 Be5 24. g3 Qf6 25. Re4 Kg7 26. Qe2 Qh6 27. Rd3 f5 28.
Rxe5 dxe5 29. Qxe5+ Qf6 30. Qxc7 Rf7 31. Qc6 Rd8 32.
Be6 Re7 33. Qc4 Rde8 34. Re3 Qa1+ 35. Kg2 Qf6 36. a4 g4 37. Qf4 Kg6 38. Re5 Rxe6 39. dxe6 Rxe6 40. Rd5 Re4 41. Qb8 Re6 42. Qg8+ Kh6 43.
Rd7 Re7 44. Rd5 Rg7 45. Qc8 Kg6 46. Qc4 Re7 47. Qd3 Re6 48. c4 Kg5 49. Rd7 h4 50. gxh4+ Kh5 51. Qe3 Rxe3 52. fxe3 Qb2+ 53. Kg3 Qe5+ 54.
Kf2 Qxh2+ 55. Kf1 Qh1+ 56. Kf2 Qf3+ 57. Kg1 Qxe3+ 58. Kh1 Qe1+ 59. Kg2 Qe2+ 60. Kg1 Kxh4 61. c5 Kg3 0-1